 Dungeon Crawl Stone Soup version 0.22.0-36-g8e74550 (webtiles) character file.

65 Lew the Skirmisher (level 4, -3/61 HPs)
             Began as a Gnoll Abyssal Knight on Aug 24, 2018.
             Was a Follower of Jiyva.
             Killed from afar by a starcursed mass (7 damage)
             ... with an accursed screaming
             ... on level 3 of the Abyss.
             The game lasted 00:05:27 (948 turns).

Lew the Skirmisher (Gnoll Abyssal Knight)            Turns: 948, Time: 00:05:29

Health: -3/61      AC: 22    Str: 15      XL:     4   Next: 14%
Magic:  7/7        EV:  2    Int: 14      God:    Jiyva [*.....]
Gold:   115        SH:  0    Dex: 13 (15) Spells: 5/5 levels left

rFire    . . .     SeeInvis .   a - +1 falchion
rCold    . . .     Gourm    +   (no shield)
rNeg     + + +     Faith    .   (armour currently unavailable)
rPois    +         Spirit   .   (helmet currently unavailable)
rElec    .         Reflect  .   (cloak currently unavailable)
rCorr    .         Harm     .   (gloves currently unavailable)
MR       .....     NoTele   +   (boots currently unavailable)
Stlth    ++........             i - amulet of the gourmand
HPRegen  0.20/turn              (no ring)
MPRegen  0.10/turn              (no ring)

@: tree-form
A: distributed training, strong nose
a: Request Jelly, Renounce Religion


You were on level 3 of the Abyss.
You worshipped Jiyva.
Jiyva was aware of your devotion.
You were not hungry.
You were a tree.
You visited 1 branch of the dungeon, and saw 1 of its levels.
You visited the Abyss 2 times.

You collected 115 gold pieces.

Inventory:

Hand Weapons
 a - a +1 falchion (weapon)
Armour
 b - a +0 leather armour
 e - a +0 pair of gloves (melded)
 g - a +0 scale mail (melded)
Jewellery
 i - an amulet of the gourmand (around neck)
Scrolls
 d - 2 scrolls of identify
 h - a scroll of remove curse
Potions
 l - a potion of lignification
Miscellaneous
 k - a phial of floods
Comestibles
 c - 4 rations


   Skills:
 + Level 6.5 Fighting
 + Level 1.0 Short Blades
 + Level 4.6 Long Blades
 + Level 1.0 Axes
 + Level 1.0 Maces & Flails
 + Level 1.0 Polearms
 + Level 1.0 Staves
 + Level 1.0 Slings
 + Level 1.0 Bows
 + Level 1.0 Crossbows
 + Level 1.0 Throwing
 + Level 4.6 Armour
 + Level 2.7 Dodging
 + Level 1.0 Stealth
 + Level 1.0 Shields
 + Level 1.0 Unarmed Combat
 + Level 1.0 Spellcasting
 + Level 0.7 Conjurations
 + Level 0.7 Hexes
 + Level 0.7 Charms
 + Level 0.7 Summonings
 + Level 0.7 Necromancy
 + Level 0.7 Translocations
 + Level 0.7 Transmutations
 + Level 0.7 Fire Magic
 + Level 0.7 Ice Magic
 + Level 0.7 Air Magic
 + Level 0.7 Earth Magic
 + Level 0.7 Poison Magic
   Level 4.6 Invocations
 + Level 1.0 Evocations


You had 5 spell levels left.
You didn't know any spells.
Your spell library was empty.

Dungeon Overview and Level Annotations

Branches:
Dungeon (1/15)

Altars:


Innate Abilities, Weirdness & Mutations

Your experience applies equally to all skills.
((You have very sharp teeth.))
Your uncanny sense of smell can sniff out nearby items.


Message History

The thrashing horror roars!
The thrashing horror tramples you.
You are shoved backwards!
A chorus of shrieks assaults your mind.
* * * LOW HITPOINT WARNING * * *
A starcursed mass splits.
It was a potion of curing.
You feel better.
The thrashing horror roars!
A chorus of shrieks assaults your mind.
* * * LOW HITPOINT WARNING * * *
The thrashing horror tramples you.
* * * LOW HITPOINT WARNING * * *
You are shoved backwards!
It was a potion of lignification.
You turn into a tree.
Your +0 pair of gloves melds into your body.
Your +0 scale mail melds into your body.
Your roots penetrate the ground.
The thrashing horror roars!
The thrashing horror tramples you but does no damage. x2
A chorus of shrieks assaults your mind.
You die...

∆ .. #. #..
#.## ...
#####.#
#.####.#.#.#.#
#XXX.X.♣.....#
.#...X.........
##...##.#..?#.#
#!............#
#.#.....#...#..
####...#.......
#......##...
##..#.. #.##
#...##.


You could see 4 starcursed masses and a thrashing horror.

Vanquished Creatures
  2 quasits
  A leopard gecko (D:1)
  2 goblins (D:1)
5 creatures vanquished.

Vanquished Creatures (others)
  A leopard gecko (D:1)
  2 bats (D:1)
  A giant cockroach (D:1)
  A goblin (D:1)
  2 hobgoblins (D:1)
  2 rats (D:1)
9 creatures vanquished.

Grand Total: 14 creatures vanquished

Notes
Turn   | Place    | Note
-------+----------+-------------------------------------------
     0 | Abyss:1  | Lew the Gnoll Abyssal Knight began the quest for the Orb.
     0 | Abyss:1  | Reached XP level 1. HP: 23/23 MP: 3/3
    23 | Abyss:1  | Found a viscous altar of Jiyva.
    26 | Abyss:1  | Found a corrupted altar of Lugonu.
    31 | Abyss:1  | Fell from the grace of Lugonu
    31 | Abyss:1  | Became a worshipper of Jiyva Janary the Shapeless
   100 | Abyss:1  | Noticed an insubstantial wisp
   108 | Abyss:1  | Noticed an insubstantial wisp
   108 | Abyss:1  | Noticed an insubstantial wisp
   122 | Abyss:1  | Noticed an insubstantial wisp
   267 | Abyss:1  | Noticed a profane servitor
   283 | Abyss:1  | Noticed a quasit
   287 | Abyss:1  | Noticed a small abomination
   315 | Abyss:1  | Noticed a quasit
   333 | Abyss:1  | Noticed a quasit
   347 | Abyss:1  | Killed a quasit
   347 | Abyss:1  | Reached XP level 2. HP: 15/29 MP: 5/5
   347 | Abyss:1  | Reached XP level 3. HP: 18/35 MP: 6/6
   349 | D:1      | Escaped the Abyss
   359 | D:1      | Reached skill level 1 in Short Blades
   359 | D:1      | Reached skill level 1 in Axes
   359 | D:1      | Reached skill level 1 in Maces & Flails
   359 | D:1      | Reached skill level 1 in Polearms
   359 | D:1      | Reached skill level 1 in Staves
   359 | D:1      | Reached skill level 1 in Slings
   359 | D:1      | Reached skill level 1 in Bows
   359 | D:1      | Reached skill level 1 in Crossbows
   359 | D:1      | Reached skill level 1 in Throwing
   359 | D:1      | Reached skill level 1 in Stealth
   359 | D:1      | Reached skill level 1 in Shields
   359 | D:1      | Reached skill level 1 in Unarmed Combat
   359 | D:1      | Reached skill level 1 in Spellcasting
   359 | D:1      | Reached skill level 1 in Evocations
   359 | D:1      | Reached XP level 4. HP: 17/41 MP: 7/7
   761 | D:1      | Reached * piety under Jiyva
   871 | D:1      | Noticed a small abomination
   871 | D:1      | Cast into level 1 of the Abyss (Lugonu's touch)
   919 | Abyss:2  | Found a corrupted altar of Lugonu.
   937 | Abyss:3  | Noticed a thrashing horror
   942 | Abyss:3  | Noticed a starcursed mass
   948 | Abyss:3  | Killed from afar by a starcursed mass

Skill      XL: |  1  2  3 |
---------------+----------+-----
Short Blades   | 1 |  1.0
Axes           | 1 |  1.0
Maces & Flails | 1 |  1.0
Polearms       | 1 |  1.0
Staves         | 1 |  1.0
Slings         | 1 |  1.0
Bows           | 1 |  1.0
Crossbows      | 1 |  1.0
Throwing       | 1 |  1.0
Stealth        | 1 |  1.0
Shields        | 1 |  1.0
Unarmed Combat | 1 |  1.0
Spellcasting   | 1 |  1.0
Evocations     | 1 |  1.0
Fighting       | |  6.5
Long Blades    | |  4.6
Armour         | |  4.6
Dodging        | |  2.7
Conjurations   | |  0.7
Hexes          | |  0.7
Charms         | |  0.7
Summonings     | |  0.7
Necromancy     | |  0.7
Translocations | |  0.7
Transmutations | |  0.7
Fire Magic     | |  0.7
Ice Magic      | |  0.7
Air Magic      | |  0.7
Earth Magic    | |  0.7
Poison Magic   | |  0.7
Invocations    | |  4.6

Action                   |  1- 3 |  4- 6 || total
-------------------------+-------+-------++-------
Melee: Falchion          |    17 |     3 ||    20
       Bite              |     2 |     1 ||     3
  Use: Potion            |       |     3 ||     3
       Scroll            |       |     1 ||     1
Armor: Scale mail        |    60 |     2 ||    62
       Skin              |       |     2 ||     2
Dodge: Dodged            |    47 |     3 ||    50
       Rpst.: Falchion   |     7 |     1 ||     8
